 Dungeon Crawl Stone Soup version 0.29-a0-878-g7b45a56547 (webtiles) character file.

Game seed: 85551056304521015

2 buhh the Vexing (level 1, 0/14 HPs)
             Began as a Meteoran Enchanter on July 19, 2022.
             Slain by a ball python (3 damage)
             ... on level 1 of the Dungeon.
             The game lasted 00:00:16 (46 turns).

buhh the Vexing (Meteoran Enchanter)                  Turns: 46, Time: 00:00:16

Health: 0/14       AC:  2    Str:  9    XL:     1   Next: 57%
Magic:  5/5        EV:  9    Int: 16    God:
Gold:   0          SH:  0    Dex: 14    Spells: 5/5 levels left

rFire   . . .      SeeInvis .   a - +1 dagger
rCold   . . .      Faith    .   (no shield)
rNeg    . . .      Spirit   .   b - +0 robe
rPois   .          Reflect  .   (no helmet)
rElec   .          Harm     .   (no cloak)
rCorr   .          Rampage  .   (no gloves)
Will    .....                   (no boots)
Stlth   +.........              (no amulet)
HPRegen 0.04/turn               (no ring)
MPRegen 0.09/turn               (no ring)

@: glowing, constricted
A: sense surroundings 1, otherworldly, glowing, explore regen
a: no special abilities


You were on level 1 of the Dungeon.
You visited 1 branch of the dungeon, and saw 1 of its levels.

Inventory:

Hand Weapons
 a - a +1 dagger (weapon)
Armour
 b - a +0 robe (worn)


   Skills:
 + Level 1.2 Short Blades
 + Level 2.5 Dodging
 + Level 2.2 Stealth
 + Level 2.7 Spellcasting
 + Level 3.6 Hexes


You had 5 spell levels left.
You didn't know any spells.
Your spell library contained the following spells:

 Spells                   Type           Power      Damage    Failure   Level
 Confusing Touch          Hex            14%        N/A       13%         3
 Tukima's Dance           Hex            14%        N/A       13%         3
 Ensorcelled Hibernation  Hex/Ice        16%        N/A       14%         2
 Dazzling Flash           Conj/Hex       16%        N/A       26%         3
 Inner Flame              Hex/Fire       8%         N/A       26%         3
 Cause Fear               Hex            7%         N/A       38%         4
 Discord                  Hex            7%         N/A       100%        8


Dungeon Overview and Level Annotations

Branches:
Dungeon (1/15) Zot: 553

Altars:


Innate Abilities, Weirdness & Mutations

You passively map a small area around you.
You are easily found by Zot.
You glow in the dark.
You regain HP and MP as you explore.


Message History

A rat comes into view.
A kobold comes into view. It is wielding a +0 dagger.
The kobold shouts!
You hit the kobold but do no damage. The kobold hits you with a +0 dagger.
The rat barely misses you. The rat attacks as you move away! The rat bites you.
You hit the kobold.
The kobold is moderately wounded.
The kobold misses you.
You hit the kobold.
You kill the kobold!
You closely miss the rat. The rat closely misses you.
You hit the rat.
The rat is moderately wounded.
The rat bites you.
You hit the rat.
You kill the rat!
You see here a +0 dagger.
Okay, then.
You open the door.
A ball python comes into view.
The ball python hisses angrily.
A kobold comes into view. It is wielding a +0 club.
The kobold shouts!
There is an open door here.
The ball python closely misses you. The ball python misses you.
You barely miss the ball python. The ball python misses you.
The ball python grabs you. The ball python constricts you.
A quokka comes into view.
You escape the ball python's grasp.
There is an open door here.
The kobold attacks as you move away! The kobold hits you with a +0 club.
You hit the kobold but do no damage. The kobold hits you with a +0 club.
You hit the kobold.
You kill the kobold!
You closely miss the ball python. The ball python bites you.
* * * LOW HITPOINT WARNING * * *
The ball python grabs you. The ball python constricts you.
You barely miss the ball python. The ball python bites you.
You die...

, * #.#...##., .#
#.....#, #.##.... .. , *
#.....# ,#.##...# ♣. * *
#.....# * #.##...# ♣⌠ ,
#.....# #.##...♣♣♣♣♣. * ,
#.....# #.##......⌠.<
#..... ,#)##†..♣♣♣♣♣.
#....#######......# ♣⌠ ,
,+....rS@.....#....##♣♣♣.
, *
*#....#######'#..........
, ......###
................. *#####.
................. #
.......########## * *
.......# * * , .......#,
, , *#####+##,, * , * +


You could see a quokka and a ball python.

Vanquished Creatures
  A bat (D:1)
  2 kobolds (D:1)
  A rat (D:1)
4 creatures vanquished.

Notes
Turn   | Place    | Note
-------+----------+-------------------------------------------
     0 | D:1      | buhh the Meteoran Enchanter began the quest for the Orb.
     0 | D:1      | Reached XP level 1. HP: 14/14 MP: 5/5
    46 | D:1      | Slain by a ball python

Illustrated notes

Levels and vault maps discovered:
D:1:      scummos_arrival_forest, layout_basic,
          shapermc_ecumenical_altar_mp_highgroup

Action                   || total
-------------------------++-------
Melee: Dagger            ||    14
Armor: Robe              ||     2
Dodge: Dodged            ||     6

Table legend: (Time is in decaauts)
 A = Elapsed time spent in this place.
 B = Non-inter-level travel time spent in this place.
 C = Inter-level travel time spent in this place.
 D = Time resting spent in this place.
 E = Time spent auto-exploring this place.
 F = Levels seen in this place.
 G = Mean time per level.
                   A        B        C        D        E       F      G
               +--------+--------+--------+--------+--------+-----+--------+
         Total |     45 |     45 |      0 |      0 |      0 |   1 |   45.0 |
       Dungeon |     45 |     45 |      0 |      0 |      0 |   1 |   45.0 |
               +--------+--------+--------+--------+--------+-----+--------+

Top non-repeatable levels by time:
     D:1: 45 daAuts
